Map: Newkirk Precinct TE (Void)

Players

Bombs

  • Race: Terran Terran
  • Spawn Location: 5:00

A.I. 1 (Elite) - Winner!

  • Race: Protoss Protoss
  • Spawn Location: 7:00

VOD

https://www.youtube.com/watch?v=BxAcNOpjLZ0

Description

Very safe TvP build order with a great push in the mid game created by Bombs, make sure to check his channel and learn more on https://www.youtube.com/channel/UCNR49SkIGkxaLmRA31D129g

Time

  • Played on: April 21, 2017, 12:58 p.m.
  • Length: 11:53
Show
View Real Time Build Order
Export as new Build Order

Bombs Terran 

Build Orders: MMM Bio 

Get SALT Encoding   

  12  0:00  SCV  
  13  0:13  SCV  
  14  0:17  Supply Depot  
  14  0:25  SCV  
  15  0:29  Refinery  
  15  0:39  SCV  
  16  0:45  Barracks  
  16  0:51  SCV  
  17  1:03  SCV  
  18  1:15  SCV  
  19  1:34  Barracks Reactor  
  19  1:35  Orbital Command  
  19  1:46  Command Center  
  19  1:56  Factory  
  19  2:01  SCV  
  20  2:12  Supply Depot  
  20  2:14  SCV  
  21  2:17  Marine x2  
  23  2:23  Refinery  
  23  2:33  SCV  
  23  2:36  Marine x2  
  26  2:42  Starport  
  26  2:46  Widow Mine  
  26  2:49  SCV  
  29  2:55  Marine  
  30  3:02  Orbital Command  
  30  3:04  SCV  
  31  3:14  Marine x2  
  31  3:16  SCV  
  34  3:25  Widow Mine  
  36  3:27  Viking  
  36  3:29  SCV  
  36  3:31  SCV  
  40  3:39  Supply Depot  
  40  3:43  Marine x2  
  40  3:45  SCV  
  40  3:46  SCV  
  44  3:57  SCV  
  44  3:58  Factory Tech Lab, SCV  
  44  4:02  Starport Tech Lab  
  46  4:05  Supply Depot  
  46  4:09  SCV  
  47  4:10  SCV  
  47  4:14  Marine x2  
  50  4:19  Siege Tank  
  50  4:21  SCV  
  54  4:26  Raven  
  54  4:27  SCV  
  54  4:29  Supply Depot  
  54  4:30  Supply Depot  
  57  4:34  Marine x2, SCV  
  60  4:39  SCV  
  61  4:46  SCV  
  61  4:48  Refinery  
  61  4:49  Barracks  
  61  4:50  Barracks  
  61  4:52  Supply Depot, SCV  
  63  4:53  Marine x2  
  63  4:59  Siege Tank  
  68  5:00  SCV  
  68  5:04  SCV  
  70  5:13  Marine, SCV  
  70  5:14  Marine  
  73  5:16  Supply Depot, SCV  
  74  5:25  SCV  
  74  5:27  Supply Depot  
  75  5:28  SCV  
  75  5:29  Starport Reactor  
  75  5:31  Siege Tank  
  75  5:33  Marine x2  
  81  5:41  Barracks Tech Lab  
  81  5:42  SCV, Barracks  
  82  5:43  Barracks  
  82  5:48  SCV  
  83  5:50  Supply Depot  
  83  5:53  Engineering Bay  
  83  5:58  Supply Depot  
  83  5:59  Combat Shields, Stimpack  
  83  6:01  Marine x2  
  85  6:05  Marauder  
  85  6:06  Marauder  
  85  6:07  Siege Tank  
  85  6:11  SCV  
  93  6:12  Refinery  
  94  6:22  Terran Infantry Weapons Level 1  
  94  6:25  Supply Depot  
  95  6:29  Marine x2  
  95  6:31  Supply Depot  
  95  6:32  Marauder, Supply Depot  
  99  6:39  Barracks Reactor  
  97  6:41  Barracks Tech Lab  
  97  6:43  Medivac x2  
  97  6:44  Marine  
  102  6:47  Marine x2  
  102  6:52  Marine  
  105  7:02  Marauder  
  105  7:05  Marine  
  108  7:08  Marine  
  108  7:09  Marauder  
  108  7:10  Supply Depot  
  108  7:11  Marauder  
  108  7:12  Siege Tank  
  108  7:13  Supply Depot  
  108  7:15  Medivac  
  118  7:16  Marine x2  
  118  7:17  Supply Depot  
  120  7:22  Marine  
  120  7:23  Concussive Shells, Marine  
  120  7:26  Marine  
  123  7:30  Marauder  
  123  7:32  Marine  
  123  7:34  Marine  
  123  7:35  Supply Depot, Marine  
  128  7:40  Marine  
  128  7:41  Marauder  
  131  7:44  Supply Depot, Marine  
  131  7:50  Marauder  
  134  7:52  Marauder  
  134  7:55  Command Center  
  136  8:02  Marine x2  
  136  8:03  Marauder  
  136  8:05  Medivac  
  142  8:06  Medivac  
  142  8:11  Siege Tank, Marauder  
  149  8:24  Marauder x2, Marine x2  
Show
View Real Time Build Order
Export as new Build Order

A.I. 1 (Elite) Protoss - Winner!

Build Orders: 1 Gate Expand 

Get SALT Encoding   

  12  0:01  Probe (Chrono Boost)  
  13  0:11  Probe (Chrono Boost)  
  14  0:22  Probe (Chrono Boost), Pylon  
  15  0:40  Probe (Chrono Boost)  
  16  0:50  Probe (Chrono Boost)  
  16  0:51  Gateway  
  17  1:01  Probe (Chrono Boost)  
  18  1:11  Probe (Chrono Boost)  
  19  1:20  Nexus  
  19  1:22  Probe (Chrono Boost)  
  21  1:33  Probe (Chrono Boost)  
  21  1:37  Zealot  
  21  1:38  Pylon  
  23  1:48  Cybernetics Core  
  23  1:51  Assimilator  
  23  1:57  Probe (Chrono Boost)  
  24  2:08  Probe (Chrono Boost)  
  25  2:18  Probe (Chrono Boost)  
  26  2:24  Pylon  
  26  2:27  Warp Gate  
  26  2:29  Probe (Chrono Boost)  
  27  2:32  Probe (Chrono Boost)  
  28  2:39  Gateway  
  28  2:40  Probe (Chrono Boost)  
  29  2:44  Probe (Chrono Boost)  
  29  2:48  Assimilator  
  29  2:51  Stalker  
  30  2:52  Probe (Chrono Boost)  
  32  3:03  Probe (Chrono Boost), Pylon  
  34  3:06  Probe (Chrono Boost)  
  34  3:15  Probe (Chrono Boost)  
  34  3:18  Probe (Chrono Boost)  
  34  3:19  Adept  
  36  3:25  Adept  
  40  3:32  Probe (Chrono Boost)  
  40  3:33  Robotics Facility  
  42  3:34  Probe (Chrono Boost)  
  42  3:43  Probe (Chrono Boost)  
  42  3:45  Adept  
  42  3:46  Probe (Chrono Boost)  
  46  3:51  Adept  
  46  3:54  Probe (Chrono Boost)  
  49  3:57  Probe (Chrono Boost)  
  50  4:05  Probe (Chrono Boost)  
  50  4:09  Probe (Chrono Boost)  
  52  4:10  Adept  
  52  4:16  Adept  
  54  4:17  Pylon  
  54  4:18  Probe (Chrono Boost)  
  54  4:20  Probe (Chrono Boost)  
  58  4:29  Robotics Bay, Probe (Chrono Boost)  
  59  4:36  Pylon  
  59  4:40  Observer  
  59  4:44  Pylon  
  61  4:46  Probe (Chrono Boost)  
  61  4:47  Probe (Chrono Boost)  
  62  4:53  Gateway  
  62  5:02  Robotics Facility  
  62  5:09  Stalker  
  64  5:15  Pylon  
  64  5:17  Zealot, Probe (Chrono Boost)  
  66  5:30  Stalker  
  66  5:32  Pylon  
  68  5:36  Zealot  
  68  5:41  Gateway  
  70  5:46  Assimilator, Probe (Chrono Boost)  
  70  5:47  Probe (Chrono Boost)  
  70  5:48  Stalker  
  70  5:49  Twilight Council  
  74  5:50  Zealot  
  74  5:51  Assimilator  
  74  5:54  Zealot, Nexus  
  78  6:09  Probe x2 (Chrono Boost)  
  80  6:19  Probe (Chrono Boost)  
  80  6:20  Probe (Chrono Boost)  
  82  6:29  Dark Shrine  
  82  6:33  Forge  
  82  6:35  Sentry, Pylon  
  82  6:37  Forge  
  82  6:39  Stalker  
  86  6:44  Stalker  
  88  6:48  Stalker  
  90  6:56  Stalker  
  91  7:02  Sentry  
  91  7:08  Probe x3 (Chrono Boost), Observer  
  96  7:13  Assimilator  
  97  7:17  Pylon  
  97  7:18  Protoss Ground Weapons Level 1  
  97  7:19  Assimilator, Probe (Chrono Boost)  
  97  7:20  Probe (Chrono Boost)  
  97  7:21  Probe (Chrono Boost), Photon Cannon  
  100  7:27  Pylon  
  101  7:30  Probe (Chrono Boost), Nexus  
  101  7:31  Probe x2 (Chrono Boost)  
  101  7:34  Protoss Ground Armor Level 1  
  103  7:41  Probe (Chrono Boost)  
  103  7:42  Probe (Chrono Boost)  
  103  7:43  Probe (Chrono Boost), Dark Templar x2, Stalker  
  112  7:46  Stalker  
  114  7:53  Probe x2 (Chrono Boost)  
  114  7:55  Immortal, Probe (Chrono Boost)  
  121  8:01  Immortal  
  121  8:04  Probe (Chrono Boost)  
  128  8:06  Probe (Chrono Boost), Stalker, Pylon  
  128  8:07  Probe (Chrono Boost)  
  128  8:08  Stalker  
  128  8:12  Blink  
  132  8:14  Sentry  
  132  8:16  Probe (Chrono Boost)  
  132  8:17  Photon Cannon  
  132  8:18  Probe (Chrono Boost)  
  135  8:21  Photon Cannon  
  135  8:28  Pylon  
  135  8:32  Immortal  
  135  8:33  Stalker  
  137  8:38  Immortal  
  145  8:42  Stalker  
  145  8:46  Sentry  
  149  8:52  Sentry, Archon  
  149  8:53  Pylon  
  151  8:58  Assimilator  
  151  9:00  Dark Templar  
  151  9:02  Assimilator  
  153  9:07  Warp Prism  
  153  9:08  Dark Templar  
  155  9:14  Photon Cannon  
  155  9:15  Observer  
  157  9:17  Pylon  
  157  9:21  Protoss Ground Weapons Level 2  
  157  9:22  Gateway  
  158  9:27  Robotics Facility, Nexus  
  158  9:33  Warp Prism  
  158  9:38  Zealot  
  162  9:41  Zealot, Probe (Chrono Boost)  
  162  9:42  Observer  
  165  9:46  Photon Cannon  
  165  9:51  Zealot  
  167  9:56  Zealot  
  167  9:58  Pylon  
  169  10:02  Stargate  
  169  10:04  Resonating Glaives, Archon x2  
  169  10:10  Immortal  
  169  10:13  Zealot x2  
  177  10:21  Pylon  
  171  10:24  Probe (Chrono Boost), Stalker  
  171  10:27  Stalker  
  175  10:30  Stalker  
  177  10:36  Photon Cannon  
  177  10:42  Photon Cannon  
  177  10:45  Photon Cannon  
  177  10:46  Zealot, Probe (Chrono Boost)  
  177  10:49  Probe (Chrono Boost)  
  178  10:50  Probe (Chrono Boost)  
  178  10:52  Probe (Chrono Boost)  
  178  10:53  Probe (Chrono Boost)  
  177  11:00  Stalker  
  178  11:05  Probe (Chrono Boost), Pylon  
  178  11:07  Probe (Chrono Boost)  
  178  11:10  Probe x3 (Chrono Boost)  
  179  11:16  Probe (Chrono Boost)  
  179  11:23  Pylon  
  179  11:27  Nexus  
  177  11:35  Probe (Chrono Boost)  
  177  11:37  Probe (Chrono Boost)  
  177  11:38  Zealot  
  169  11:40  Zealot, Probe (Chrono Boost)  
  169  11:41  Zealot  
  169  11:44  Zealot  
  169  11:46  Gateway  
  175  11:48  Zealot  
  175  11:49  Forge  
  175  11:52  Photon Cannon  
Tags
 
Add a new tag
Caveats
  • Supply blocks, unpowered buildings, or Contaminate may cause inaccurate times.
  • Supply counts are checked every 10 seconds.